 Dungeon Crawl Stone Soup version 0.30-a0-377-g5cb311bc9f (webtiles) character file.

Game seed: 7452038492649227470

8904 qeuew the Exorcist (level 11, -7/77 HPs)
             Began as a Formicid Fighter on Nov 30, 2022.
             Was an Elder of the Shining One.
             Mangled by Urug
             ... wielding a +6 great mace
              (26 damage)
             ... on level 11 of the Dungeon.
             The game lasted 00:12:28 (8262 turns).

qeuew the Exorcist (Formicid Fighter)               Turns: 8262, Time: 00:12:28

Health: -7/77      AC: 14    Str: 26    XL:     11   Next: 64%
Magic:  15/18      EV: 14    Int:  8    God:    the Shining One [****..]
Gold:   648        SH:  6    Dex: 14    Spells: 10/10 levels left

rFire   . . .      SeeInvis +    a - +0 war axe (venom)
rCold   x . .      Faith    .    c - +0 buckler
rNeg    + + .      Spirit   .    n - +0 steam dragon scales
rPois   .          Reflect  .    (helmet unavailable)
rElec   .          Harm     .    (no cloak)
rCorr   .          Rampage  .    (no gloves)
Will    +....                    (no boots)
Stlth   +.........               p - amulet of regeneration
HPRegen 1.12/turn                h - +4 ring of protection
MPRegen 0.16/turn                m - +4 ring of protection

@: glowing
A: permanent stasis, dig shafts and tunnels, antennae 3, four strong arms, frail
1, passive freeze, strong 1, cold vulnerability 1, MP-powered wands, noise
suppression
a: Dig, Shaft Self, Renounce Religion, Divine Shield, Cleansing Flame


You were on level 11 of the Dungeon.
You worshipped the Shining One.
The Shining One was greatly pleased with you.
You visited 1 branch of the dungeon, and saw 11 of its levels.

You collected 648 gold pieces.

Inventory:

Hand Weapons
 a - a +0 war axe of venom (weapon)
Missiles
 u - a throwing net
Armour
 c - a +0 buckler (worn)
 n - +0 steam dragon scales (worn)
Jewellery
 h - a +4 ring of protection (left hand)
 m - a +4 ring of protection (right hand)
 p - an amulet of regeneration (around neck)
 t - a ring of positive energy
Wands
 b - a wand of roots (24)
 q - a wand of mindburst (4) (quivered)
 r - a wand of quicksilver (8)
 s - a wand of flame (20)
Scrolls
 v - a scroll of identify
 w - a scroll of magic mapping
 y - a scroll of enchant armour
Potions
 d - 2 potions of might
 e - a potion of cancellation
 f - a potion of flight
 g - a potion of heal wounds
 i - 2 potions of magic
 j - 4 potions of brilliance
 k - 2 potions of resistance
 l - 2 potions of curing
 o - a potion of mutation


   Skills:
 + Level 7.8 Fighting
 + Level 6.7 Axes
 + Level 7.7 Armour
 + Level 5.6 Dodging
 + Level 9.2 Shields
 * Level 10.2 Invocations
 + Level 5.7 Evocations


You had 10 spell levels left.
You didn't know any spells.
Your spell library contained the following spells:

 Spells                   Type           Power      Damage    Failure   Level
 Foxfire                  Conj/Fire      0%         2x1d4     45%         1
 Ozocubu's Armour         Ice            0%         N/A       83%         3
 Summon Guardian Golem    Hex/Summ       0%         N/A       83%         3
 Fireball                 Conj/Fire      0%         3d3       100%        5
 Starburst                Conj/Fire      0%         6d3       100%        6
 Orb of Destruction       Conj           0%         9d5       100%        7
 Ozocubu's Refrigeration  Ice            0%         4d7       100%        7
 Spellforged Servitor     Conj/Summ      0%         N/A       100%        7


Dungeon Overview and Level Annotations

Branches:
Dungeon (11/15)            Temple (0/1) D:7            Lair (0/5) D:11
    Orc: D:9-12

Altars:
Ashenzari
Cheibriados
Dithmenos
Fedhas
Hepliaklqana
Kikubaaqudgha
Nemelex Xobeh
Okawaru
Qazlal
Ru
Sif Muna
Trog
Uskayaw
Xom
Yredelemnul
The Shining One

Shops:
D:3 (   D:6 ?   D:8 [   D:10 (

Annotations:
D:7 3 runed translucent doors, Encipher's ghost, novice OpTm
D:11 Urug


Innate Abilities, Weirdness & Mutations

You cannot be hasted, slowed, berserked, paralysed or teleported.
You can dig through walls and to a lower floor.
You have a pair of large antennae on your head. (SInv)
Your four strong arms can wield two-handed weapons with a shield.
You are frail. (-10% HP)
A frigid envelope surrounds you and freezes all who hurt you.
Your muscles are strong. (Str +4, Int/Dex -1)
You are vulnerable to cold. (rC-)
You expend magic power (3 MP) to strengthen your wands.
You passively dampen the noise of your surroundings.


Message History

There is a stone staircase leading up here.
Found a potion of lignification.
Urug the Orcish Ballista comes into view.
She is wielding a +6 great mace.
Found a dagger.
Urug shouts!
Urug is nearby!
Urug is nearby!
Found a book of Weapons.
Urug throws a javelin.
The javelin barely misses you.
Found a sling and a glowing dagger.
Urug throws a javelin.
The javelin pierces through you but does no damage.
Urug grins and says, "Time to carve some turkeys."
Urug hits you with a +6 great mace!!
Urug is very cold.
Urug is lightly wounded.
You slash Urug!
Urug is moderately wounded.
Urug barely misses you. Urug hits you with a +6 great mace!!
* * * LOW HITPOINT WARNING * * *
Urug is very cold.
Urug is moderately wounded.
You are too injured to fight recklessly!
You are too injured to fight recklessly!
You are too injured to fight recklessly!
You are too injured to fight recklessly!
You are too injured to fight recklessly!
You are too injured to fight recklessly!
You are too injured to fight recklessly!
You are too injured to fight recklessly!
You are too injured to fight recklessly!
You are too injured to fight recklessly!
You are too injured to fight recklessly!
You are too injured to fight recklessly!
Press: ? - help, v - describe, . - travel
Here: Urug, wielding a +6 great mace, wearing a +0 chain mail and quivering javelins (moderately wounded, haloed)
The floor, spattered with blood.
Aiming: Mindburst
Press: ? - help, Q - select action, (/) - cycle Shift-Dir - straight line, f - Urug
Aim: Urug, wielding a +6 great mace, wearing a +0 chain mail and quivering javelins (moderately wounded, haloed, chance to affect: 77%)
You feel a surge of power!
Urug's mind is blasted!!
Urug hits you with a +6 great mace!!
You die...

# #...†......# ##
####..........## ..
...).>.........# .#
...............###.#
.###............#..###
## #................)#
.# #.............###...
.#######..##...#.#######
P.# #..###.##.@......#
..###........ #.o......#
..#.... #### #..!.....#
.P....# #.......:#
.....# #........# ....#
#......... .#..#
#......)). ....#
########## #####


You could see Urug.

Vanquished Creatures
  2 two-headed ogres
  Nergalle (D:11)
  A hornet (D:11)
  A wraith (D:9)
  5 wyverns
  8 yaks (D:11)
  Grum (D:8)
  3 steam dragons
  2 vampire mosquitoes (D:10)
  2 acid dragons
  3 water moccasins
  3 orc warriors
  3 sky beasts (D:7)
  2 ice beasts
  4 centaurs
  A phantom (D:7)
  2 wolves (D:8)
  2 kobold brigands (D:8)
  Blork the orc (D:5)
  3 bullfrogs
  2 gnoll sergeants
  5 scorpions
  4 wights (D:8)
  4 killer bees (D:8)
  4 howler monkeys
  3 hounds
  9 orc priests
  4 iguanas
  Natasha (twice) (D:2)
  9 orc wizards
  9 gnolls
  8 adders
  A shadow imp (D:6)
  An ufetubus (D:4)
  4 worms
  7 dart slugs
  23 orcs
  6 ball pythons
  6 endoplasms
  2 giant cockroaches
  12 goblins
  11 hobgoblins
  8 jackals
  5 quokkas
  5 bats
  5 frilled lizards
  20 kobolds
  6 rats
  A spectral goblin (D:8)
236 creatures vanquished.

Vanquished Creatures (others)
  4 fungi (D:11)
  16 plants
20 creatures vanquished.

Grand Total: 256 creatures vanquished

Notes
Turn   | Place    | Note
-------+----------+-------------------------------------------
     0 | D:1      | qeuew the Formicid Fighter began the quest for the Orb.
     0 | D:1      | Reached XP level 1. HP: 18/18 MP: 1/1
    91 | D:1      | Reached XP level 2. HP: 23/24 MP: 2/2
   245 | D:1      | Reached XP level 3. HP: 24/29 MP: 3/3
   854 | D:1      | Gained mutation: Your body sometimes deteriorates upon
                  | taking damage. [potion of mutation]
   854 | D:1      | Gained mutation: You have hidden genetic defects. [potion
                  | of mutation]
   854 | D:1      | Gained mutation: You passively dampen the noise of your
                  | surroundings. [potion of mutation]
   999 | D:2      | Noticed Natasha
  1003 | D:2      | Killed Natasha
  1004 | D:2      | Reached skill level 1 in Dodging
  1004 | D:2      | Reached XP level 4. HP: 37/37 MP: 4/4
  1012 | D:2      | Gained mutation: You are vulnerable to cold. (rC-) [hidden
                  | defects]
  1252 | D:2      | Gained mutation: You are frail. (-10% HP) [hidden defects]
  1252 | D:2      | Lost mutation: You have hidden genetic defects. [hidden
                  | defects expressed]
  1380 | D:2      | Noticed Natasha
  1485 | D:2      | Killed Natasha
  1486 | D:2      | Reached XP level 5. HP: 35/37 MP: 5/5
  1773 | D:2      | Found a faded altar of an unknown god.
  1782 | D:2      | Prayed at the altar of an unknown god.
  1782 | D:2      | Became a worshipper of the Shining One
  1782 | D:2      | Reached * piety under the Shining One
  2128 | D:3      | Found a glowing golden altar of the Shining One.
  2266 | D:3      | Found Futom's Weapon Emporium.
  2681 | D:4      | Reached skill level 5 in Shields
  2681 | D:4      | Reached skill level 1 in Invocations
  2695 | D:4      | Reached XP level 6. HP: 43/43 MP: 5/7
  2735 | D:4      | Reached skill level 2 in Invocations
  2857 | D:4      | Found a shimmering blue altar of Sif Muna.
  2898 | D:4      | Noticed a steam dragon
  2898 | D:4      | Reached ** piety under the Shining One
  2906 | D:4      | Killed a steam dragon
  2907 | D:4      | Reached XP level 7. HP: 40/49 MP: 7/9
  2920 | D:4      | Lost mutation: You passively dampen the noise of your
                  | surroundings. [potion of mutation]
  2920 | D:4      | Lost mutation: You are frail. (-10% HP) [potion of
                  | mutation]
  2920 | D:4      | Gained mutation: You are frail. (-10% HP) [potion of
                  | mutation]
  2920 | D:4      | Gained mutation: You are agile. (Dex +4, Str/Int -1)
                  | [potion of mutation]
  2920 | D:4      | Gained mutation: Your muscles are strong. (Str +4, Int/Dex
                  | -1) [potion of mutation]
  2921 | D:4      | Lost mutation: You are agile. (Dex +4, Str/Int -1) [potion
                  | of mutation]
  2921 | D:4      | Lost mutation: Your body sometimes deteriorates upon taking
                  | damage. [potion of mutation]
  2921 | D:4      | Gained mutation: You have hidden genetic potential. [potion
                  | of mutation]
  2921 | D:4      | Gained mutation: You expend magic power (3 MP) to
                  | strengthen your wands. [potion of mutation]
  3020 | D:4      | Found a hide-covered altar of Uskayaw.
  3024 | D:4      | Found an ancient bone altar of Kikubaaqudgha.
  3027 | D:4      | Found a shimmering altar of Xom.
  3336 | D:5      | Entered Level 5 of the Dungeon
  3362 | D:5      | Found a snail-covered altar of Cheibriados.
  3364 | D:5      | You fall into a shaft and drop 2 floors!
  3486 | D:6      | Reached skill level 3 in Invocations
  3724 | D:5      | Noticed Blork the orc
  3732 | D:5      | Killed Blork the orc
  3733 | D:5      | Reached skill level 4 in Invocations
  3733 | D:5      | Reached XP level 8. HP: 35/54 MP: 9/11
  3793 | D:5      | Gained mutation: A frigid envelope surrounds you and
                  | freezes all who hurt you. [hidden potential]
  3930 | D:5      | Reached skill level 5 in Fighting
  3969 | D:5      | Reached skill level 5 in Armour
  4439 | D:6      | Found a shadowy altar of Dithmenos.
  4595 | D:6      | Found Befetaic's Magic Scroll Emporium.
  4607 | D:6      | Reached skill level 1 in Evocations
  4812 | D:7      | Found a blossoming altar of Fedhas.
  4844 | D:7      | Found a runed translucent gate.
  4845 | D:7      | Found a runed translucent gate.
  4846 | D:7      | Found a runed translucent gate.
  4849 | D:7      | Noticed Encipher's ghost (novice OpTm)
  4897 | D:7      | Reached skill level 5 in Invocations
  4909 | D:7      | Found a staircase to the Ecumenical Temple.
  5162 | D:7      | Reached XP level 9. HP: 49/61 MP: 13/13
  5189 | D:7      | Gained mutation: You passively dampen the noise of your
                  | surroundings. [hidden potential]
  5189 | D:7      | Lost mutation: You have hidden genetic potential. [hidden
                  | potential expressed]
  5307 | D:7      | Reached skill level 6 in Invocations
  5406 | D:7      | Found a sparkling altar of Nemelex Xobeh.
  5712 | D:8      | Reached *** piety under the Shining One
  5817 | D:8      | Identified the +7 long sword of the Caustic God {elec, rC+
                  | rN+ rCorr}
  5868 | D:8      | Found Utohakh's Armour Emporium.
  5896 | D:8      | Reached skill level 5 in Axes
  5920 | D:8      | Noticed Grum
  5926 | D:8      | Killed Grum
  5927 | D:8      | Reached skill level 7 in Invocations
  5984 | D:8      | Reached XP level 10. HP: 68/68 MP: 15/15
  6026 | D:8      | Found a hazy altar of Hepliaklqana.
  6243 | D:8      | Found a bloodstained altar of Trog.
  6377 | D:8      | Reached skill level 8 in Invocations
  6538 | D:9      | Found a broken altar of Ashenzari.
  6587 | D:9      | Found a stormy altar of Qazlal.
  6604 | D:9      | Found a sacrificial altar of Ru.
  6634 | D:9      | Noticed a two-headed ogre
  6644 | D:9      | Killed a two-headed ogre
  6966 | D:9      | Reached **** piety under the Shining One
  7148 | D:10     | Entered Level 10 of the Dungeon
  7164 | D:10     | Found Robuomill's Weapon Shoppe.
  7302 | D:10     | Found a basalt altar of Yredelemnul.
  7353 | D:10     | Reached skill level 5 in Dodging
  7488 | D:10     | Reached skill level 9 in Invocations
  7491 | D:10     | Reached XP level 11. HP: 75/75 MP: 17/17
  7755 | D:10     | Noticed a two-headed ogre
  7760 | D:10     | Killed a two-headed ogre
  7761 | D:10     | Reached skill level 5 in Evocations
  7929 | D:10     | Found an iron altar of Okawaru.
  8065 | D:11     | Found a staircase to the Lair.
  8195 | D:11     | Noticed Nergalle
  8207 | D:11     | Killed Nergalle
  8208 | D:11     | Reached skill level 10 in Invocations
  8256 | D:11     | Noticed Urug
  8262 | D:11     | Mangled by Urug

Illustrated notes

Levels and vault maps discovered:
D:1:      lightli_iron_boxes, layout_basic
D:2:      layout_loops_corners, serial_co_window_serial, co_window_paths_a,
          co_window_corner_a, co_window_paths_b, co_window_paths_a,
          co_window_paths_a, co_window_corner_a, co_window_paths_b,
          co_window_corner_b, co_window_corner_b, co_window_corner_ca,
          co_window_4corner_b, hellmonk_ecumenical_altar_pennies_from_heaven,
          uniq_natasha
D:3:      layout_basic, mainiacjoe_overflow_catwalk, serial_shops,
          nicolae_shop_hallway_stairs
D:4:      layout_rooms, mainiacjoe_overflow_six_doors_small,
          minmay_overflow_temple_star_quad, grunt_decor_fettered, minmay_cut_off
D:5:      layout_basic, amcnicky_altar_gilded, uniq_blork_the_orc
D:6:      layout_cave_pods, nicolae_dithmenos_the_darkroom, serial_shops, shop,
          serial_bayou_lagoon_a
D:7:      layout_gridville, fedhas_altar_fruit_tree,
          nemelex_diamond_rough_becter, minmay_temple_entry_proselytizer,
          enter_bailey_3, gammafunk_ghost_necromancy
D:8:      layout_loops_cross, trog_butcher_becter,
          nicolae_hepliaklqana_monster_ancestors, serial_shops,
          nicolae_diamond_shop, minmay_misc_feat_room, uniq_grum
D:9:      layout_loops_ring, ashenzari_altar_1, grunt_qazlal_sundering,
          nicolae_ru_awakened_eye, david_defended_altar_orc
D:10:     layout_stronghold, yredelemnul_altar_generic,
          overflow_temple_1_default, serial_shops,
          nicolae_shop_bloodbath_and_beyond
D:11:     layout_rooms, minmay_lair_entry_grove, uniq_urug, uniq_nergalle

Skill      XL: |  1  2  3  4  5  6  7  8  9 10 11 |
---------------+----------------------------------+-----
Dodging        | 1 2 3 4 5 |  5.6
Armour         | 4 5 6 7 |  7.7
Fighting       | 4 5 6 7 |  7.8
Axes           | 3 4 5 6 |  6.7
Shields        | 5 6 7 8 9 |  9.2
Invocations    | 1 2 4 5 7 9 10 | 10.2
Evocations     | 2 3 4 5 |  5.7

Action                   |  1- 3 |  4- 6 |  7- 9 | 10-12 || total
-------------------------+-------+-------+-------+-------++-------
Melee: War axe           |    86 |   159 |   196 |   173 ||   614
Evoke: Wand              |       |       |       |     1 ||     1
  Use: Scroll            |     4 |     3 |     7 |     2 ||    16
       Potion            |     3 |     2 |     3 |       ||     8
Armor: Scale mail        |    35 |   105 |       |       ||   140
       Steam dragon scal |       |       |    82 |    68 ||   150
Dodge: Dodged            |    32 |    87 |   123 |   110 ||   352
Block: Buckler           |    26 |    34 |    51 |    50 ||   161

Table legend: (Time is in decaauts)
 A = Elapsed time spent in this place.
 B = Non-inter-level travel time spent in this place.
 C = Inter-level travel time spent in this place.
 D = Time resting spent in this place.
 E = Time spent auto-exploring this place.
 F = Levels seen in this place.
 G = Mean time per level.
                   A        B        C        D        E       F      G
               +--------+--------+--------+--------+--------+-----+--------+
         Total |   8470 |   8181 |    289 |    106 |   6489 |  11 |  770.0 |
       Dungeon |   8470 |   8181 |    289 |    106 |   6489 |  11 |  770.0 |
               +--------+--------+--------+--------+--------+-----+--------+

Top non-repeatable levels by time:
     D:1: 1021 daAuts
     D:2: 979 daAuts
     D:7: 933 daAuts
    D:10: 903 daAuts
     D:6: 883 daAuts
     D:8: 817 daAuts
     D:4: 730 daAuts
     D:3: 708 daAuts
     D:9: 660 daAuts
     D:5: 605 daAuts
    D:11: 225 daAuts
